Map: Efflorescence LE

Players

qqq - Winner!

  • Race: Protoss Protoss
  • League: Platinum
  • Spawn Location: 9:00

Massa - Winner!

  • Race: Terran Terran
  • League: Gold
  • Spawn Location: 6:00

Stelios

  • Race: Protoss Protoss
  • League: Diamond
  • Spawn Location: 3:00

Arhol

  • Race: Terran Terran
  • League: Master
  • Spawn Location: 12:00

VOD

Have the link to the VOD?

Description

Time

  • Played on: July 26, 2020, 9:51 a.m.
  • Length: 17:45
Show
View Real Time Build Order
Export as new Build Order

qqq Protoss - Winner!

Build Orders: Phoenix Opening, Carriers, Mass Phoenix 

Get SALT Encoding   

  12  0:02  Probe  
  13  0:14  Pylon  
  13  0:25  Pylon  
  13  0:30  Probe  
  14  0:42  Probe  
  15  0:48  Gateway  
  15  0:54  Probe  
  16  1:04  Pylon  
  16  1:06  Probe  
  17  1:48  Zealot  
  17  1:51  Nexus  
  19  1:56  Cybernetics Core  
  19  1:58  Assimilator  
  19  2:01  Probe  
  19  2:03  Assimilator  
  20  2:14  Probe  
  21  2:26  Probe  
  22  2:38  Probe  
  23  2:50  Probe  
  24  3:00  Probe  
  24  3:02  Probe  
  24  3:03  Stargate  
  26  3:08  Probe  
  27  3:17  Probe  
  28  3:29  Probe  
  28  3:30  Stargate  
  29  3:40  Assimilator  
  30  3:41  Probe  
  30  3:44  Assimilator  
  30  3:47  Phoenix  
  32  3:53  Probe  
  33  4:05  Probe  
  34  4:14  Protoss Air Weapons Level 1  
  34  4:15  Phoenix  
  36  4:17  Probe  
  36  4:23  Phoenix  
  39  4:29  Probe  
  40  4:40  Phoenix  
  40  4:41  Probe  
  43  4:48  Phoenix  
  45  4:54  Probe  
  46  5:05  Oracle  
  46  5:06  Probe  
  50  5:13  Phoenix  
  45  5:18  Probe  
  38  5:30  Probe  
  39  5:38  Phoenix  
  39  5:42  Probe, Phoenix  
  44  5:54  Probe  
  45  6:03  Phoenix  
  47  6:06  Probe  
  47  6:07  Phoenix  
  50  6:18  Probe  
  51  6:28  Phoenix  
  51  6:30  Probe  
  47  6:56  Phoenix x2  
  47  6:57  Probe  
  52  7:09  Probe  
  53  7:17  Protoss Air Armor Level 1  
  53  7:21  Probe  
  54  7:28  Phoenix  
  54  7:39  Pylon  
  54  7:42  Pylon  
  54  7:44  Pylon  
  54  7:57  Probe, Phoenix  
  57  8:01  Probe  
  58  8:09  Probe  
  59  8:13  Probe  
  60  8:21  Probe  
  60  8:25  Probe  
  62  8:30  Phoenix x2  
  62  8:34  Probe  
  67  8:37  Probe  
  68  8:44  Forge  
  68  8:46  Probe  
  69  8:49  Probe  
  69  8:55  Phoenix  
  72  8:58  Probe  
  72  9:00  Nexus  
  73  9:05  Pylon  
  73  9:10  Probe  
  73  9:12  Pylon  
  73  9:15  Phoenix  
  70  10:12  Phoenix x2  
  70  10:13  Probe  
  71  10:25  Probe  
  70  10:37  Probe, Phoenix x2  
  69  10:49  Probe  
  60  10:55  Fleet Beacon  
  60  10:58  Stargate  
  60  11:01  Probe, Stargate  
  60  11:02  Phoenix x2  
  65  11:11  Photon Cannon  
  65  11:14  Probe, Photon Cannon  
  65  11:15  Photon Cannon  
  66  11:19  Photon Cannon, Zealot  
  68  11:26  Probe  
  68  11:27  Phoenix x2  
  73  11:38  Probe  
  74  11:50  Probe  
  74  11:52  Phoenix x2  
  79  12:07  Probe  
  79  12:08  Robotics Facility  
  80  12:19  Probe  
  80  12:20  Carrier  
  80  12:21  Nexus  
  87  12:31  Probe, Carrier  
  94  12:37  Nexus  
  94  12:38  Pylon  
  94  12:41  Pylon  
  88  12:58  Pylon  
  88  12:59  Carrier, Pylon  
  88  13:00  Pylon  
  88  13:04  Pylon  
  93  13:18  Zealot  
  93  13:30  Carrier  
  103  13:55  Carrier x2  
  103  13:58  Probe  
  104  14:03  Photon Cannon, Carrier  
  110  14:11  Probe  
  111  14:19  Photon Cannon  
  111  14:21  Shield Battery  
  111  14:25  Photon Cannon  
  111  14:30  Photon Cannon  
  111  14:35  Carrier  
  117  14:53  Observer  
  117  14:59  Carrier  
  124  15:05  Nexus  
  124  15:10  Pylon  
  124  15:14  Pylon  
  124  15:25  Pylon  
  124  15:26  Pylon  
  130  15:28  Carrier  
  130  15:33  Carrier  
  136  15:35  Photon Cannon  
  136  15:38  Photon Cannon  
  136  15:43  Photon Cannon  
  136  15:52  Carrier  
  123  16:23  Carrier  
Show
View Real Time Build Order
Export as new Build Order

Massa Terran - Winner!

Build Orders:  

Get SALT Encoding   

  12  0:03  SCV  
  13  0:15  SCV  
  13  0:21  Supply Depot  
  14  0:27  SCV  
  15  0:42  SCV  
  16  0:47  Barracks  
  16  0:54  Refinery, SCV  
  17  0:57  Refinery  
  17  1:06  SCV  
  18  1:12  Supply Depot  
  18  1:18  SCV  
  19  1:31  SCV  
  20  1:45  Reaper  
  21  1:51  Orbital Command  
  21  2:16  Barracks  
  21  2:17  Reaper  
  21  2:25  SCV  
  22  2:37  SCV  
  23  2:39  Command Center  
  23  3:07  Supply Depot  
  22  3:19  Barracks Tech Lab  
  22  3:20  Barracks Tech Lab  
  22  3:32  Factory  
  21  3:40  Stimpack  
  21  3:41  Marauder x2  
  25  3:46  Engineering Bay  
  25  3:47  SCV  
  26  3:51  SCV  
  27  3:59  SCV, Concussive Shells  
  27  4:02  Marauder x2  
  32  4:03  SCV  
  33  4:11  SCV  
  33  4:15  Missile Turret  
  34  4:23  SCV  
  35  4:25  Orbital Command, Missile Turret  
  35  4:28  Factory Tech Lab  
  35  4:35  SCV  
  35  4:36  Missile Turret  
  36  4:40  Refinery  
  36  4:47  SCV, Missile Turret  
  36  4:49  Terran Infantry Weapons Level 1  
  37  4:53  Starport  
  37  4:59  SCV  
  38  5:04  Combat Shield  
  38  5:46  Siege Tank  
  38  5:47  Marauder  
  38  5:48  Marauder  
  45  5:54  Barracks  
  45  5:57  Missile Turret  
  45  5:58  Medivac  
  47  6:04  SCV  
  47  6:05  SCV  
  47  6:09  Marauder x2  
  53  6:17  SCV  
  54  6:19  Supply Depot  
  54  6:22  Supply Depot  
  54  6:23  Supply Depot  
  54  6:25  Supply Depot  
  54  6:30  Command Center  
  54  6:41  Siege Tank  
  54  6:44  Terran Infantry Armor Level 1  
  57  6:50  Marauder x2  
  57  6:53  Barracks Reactor  
  61  6:58  Armory  
  61  7:06  SCV x2  
  63  7:11  Marauder x2  
  63  7:12  Medivac  
  67  7:18  SCV x2  
  66  7:30  SCV  
  65  7:47  Marauder, Marine  
  65  7:48  Marauder, Marine  
  69  7:58  SCV  
  69  7:59  SCV  
  69  8:05  Marine x2  
  71  8:09  Marauder x2  
  71  8:11  SCV x2  
  79  8:13  Terran Vehicle Weapons Level 1  
  79  8:18  Engineering Bay  
  79  8:19  Orbital Command  
  79  8:23  SCV x2  
  81  8:30  Marauder x2  
  85  8:35  SCV x2  
  85  8:37  Terran Infantry Weapons Level 2  
  85  8:39  Marine x2  
  89  8:46  Barracks  
  89  8:47  SCV x3  
  92  8:52  Marauder x2  
  96  8:57  Marine  
  96  9:02  Command Center  
  97  9:11  SCV  
  97  9:12  SCV x2  
  100  9:20  Supply Depot  
  100  9:22  Supply Depot x2  
  100  9:23  Terran Infantry Armor Level 2, SCV  
  101  9:25  Supply Depot x2  
  101  9:39  SCV x3  
  101  9:42  Marauder x2  
  101  9:44  Supply Depot  
  101  9:45  Supply Depot  
  90  9:49  Marine x2  
  90  9:51  SCV x3, Supply Depot x2  
  82  10:03  SCV x3, Marauder x2  
  82  10:07  Marine x2  
  91  10:16  SCV x2  
  91  10:20  Orbital Command  
  94  10:21  SCV  
  94  10:24  Marauder, Marine  
  94  10:25  Marauder  
  94  10:28  SCV x2  
  101  10:29  Medivac  
  101  10:30  Siege Tank  
  101  10:33  SCV  
  107  10:40  SCV x2  
  106  10:45  SCV  
  106  10:46  Marauder x2  
  88  10:59  Medivac  
  88  11:02  Siege Tank  
  93  11:07  Marauder x2  
  97  11:14  Marine x2  
  99  11:18  Barracks Tech Lab  
  99  11:19  Command Center  
  99  11:22  Barracks  
  99  11:24  Refinery  
  99  11:27  Refinery  
  99  11:29  Marauder x2  
  99  11:31  Marine, Missile Turret  
  99  11:32  Marine  
  92  11:34  Thor  
  86  11:49  Marine  
  86  11:50  Marauder x2, Marine  
  84  12:07  Marine  
  84  12:08  Marine  
  86  12:11  Marauder x2  
  90  12:16  Barracks Tech Lab  
  90  12:21  Command Center  
  90  12:22  SCV  
  91  12:31  SCV x2  
  91  12:32  Missile Turret  
  91  12:33  Marauder x2  
  91  12:34  SCV  
  98  12:43  SCV x2  
  100  12:46  SCV, Marauder  
  100  12:47  Marauder  
  105  12:52  Medivac  
  105  12:53  Missile Turret  
  105  12:54  Marauder x2  
  105  12:55  SCV  
  105  12:56  SCV  
  113  12:58  SCV  
  114  13:07  SCV  
  114  13:08  SCV, Marauder x2  
  114  13:10  SCV  
  121  13:16  Marauder x2  
  126  13:20  SCV x2  
  126  13:22  Medivac  
  129  13:29  Marauder x2  
  86  13:51  Missile Turret  
  68  14:03  Marauder x4  
  68  14:04  Marine x2  
  68  14:07  Thor  
  84  14:12  Missile Turret  
  84  14:14  SCV x3  
  87  14:21  Marine  
  87  14:22  Marine  
  89  14:24  Marauder  
  89  14:25  Marauder x3  
  89  14:26  SCV  
  89  14:28  Refinery  
  98  14:34  Missile Turret  
  98  14:39  Marine  
  98  14:40  Marine  
  98  14:41  Terran Infantry Armor Level 3  
  98  14:46  Marauder x4  
  98  14:50  Thor  
  106  14:54  Missile Turret  
  106  14:55  Planetary Fortress  
  106  14:57  Marine x2  
  101  15:07  Marauder x4  
  101  15:09  Command Center  
  109  15:28  Marauder  
  109  15:29  Marauder x3  
  109  15:33  Widow Mine  
  119  15:50  Marauder x2  
  121  16:02  Marauder  
  121  16:03  Marauder, Marine  
  128  16:11  Marauder  
  128  16:12  Marauder  
  80  16:41  Marauder x4, Marine  
  74  17:18  Marauder x3  
  74  17:19  Marauder, Marine x2  
Show
View Real Time Build Order
Export as new Build Order

Stelios Protoss 

Build Orders:  

Get SALT Encoding   

  12  0:01  Probe  
  13  0:13  Probe  
  14  0:18  Pylon  
  14  0:25  Probe  
  15  0:38  Probe  
  15  0:40  Gateway  
  16  0:50  Probe  
  16  0:52  Assimilator  
  16  0:56  Assimilator  
  17  1:00  Probe  
  18  1:09  Probe  
  18  1:17  Probe  
  20  1:28  Probe, Pylon  
  20  1:32  Cybernetics Core  
  21  1:36  Probe  
  22  1:47  Gateway  
  22  1:52  Probe  
  22  1:55  Warp Gate  
  23  2:04  Probe  
  24  2:16  Probe, Stalker  
  27  2:27  Gateway  
  27  2:28  Probe  
  28  2:31  Pylon  
  28  2:36  Stalker  
  30  3:06  Nexus  
  30  3:21  Robotics Facility  
  30  3:22  Probe  
  31  3:34  Probe  
  32  3:45  Pylon, Sentry  
  32  3:46  Sentry x2  
  38  3:49  Pylon  
  38  3:56  Assimilator  
  38  4:01  Assimilator  
  38  4:16  Shield Battery  
  38  4:18  Shield Battery  
  38  4:20  Probe x2  
  40  4:24  Zealot x2  
  40  4:26  Observer  
  40  4:28  Zealot  
  47  4:32  Probe x2  
  49  4:40  Gateway  
  49  4:46  Probe x2  
  51  4:58  Probe x2  
  53  5:04  Immortal  
  57  5:10  Probe  
  57  5:12  Forge  
  58  5:27  Stalker x2  
  62  5:30  Probe x2  
  64  5:42  Probe, Protoss Ground Weapons Level 1  
  65  5:45  Forge  
  65  6:04  Pylon  
  65  6:19  Stalker x3  
  67  6:34  Protoss Ground Armor Level 1  
  66  6:46  Stalker x2  
  66  6:47  Stalker x2  
  68  6:59  Observer  
  69  7:09  Probe x2  
  69  7:13  Photon Cannon  
  71  7:16  Immortal  
  71  7:21  Probe x2  
  77  7:33  Probe  
  78  7:42  Protoss Shields Level 1  
  78  7:57  Pylon  
  78  8:00  Pylon  
  78  8:02  Photon Cannon x2  
  78  8:05  Pylon  
  78  8:08  Twilight Council  
  78  8:15  Probe x2, Warp Prism  
  78  8:17  Gateway  
  75  8:41  Photon Cannon, Blink  
  75  8:42  Probe x2  
  75  8:44  Photon Cannon  
  77  8:54  Probe  
  78  8:56  Protoss Ground Weapons Level 2  
  78  9:30  Zealot x3  
  55  9:56  Stalker x4  
  55  9:57  Stalker  
  51  10:22  Stalker x2  
  51  10:23  Stalker x3  
  51  10:25  Immortal  
  59  10:49  Zealot x3  
  63  10:50  Zealot  
  63  10:55  Immortal  
  61  11:07  Zealot  
  61  11:09  Probe  
  68  11:19  Zealot x2  
  72  11:31  Zealot x2  
  76  11:34  Immortal  
  76  11:36  Zealot  
  82  11:40  Zealot  
  84  11:48  Charge  
  56  12:11  Zealot x5  
  56  12:14  Immortal  
  66  12:33  Probe x2  
  68  12:45  Probe  
  69  12:54  Protoss Ground Armor Level 2, Protoss Ground Weapons Level 3  
  69  12:57  Nexus  
  69  13:07  Immortal  
  73  13:31  Stalker  
  49  13:59  Stalker x2  
  49  14:01  Immortal  
  57  14:08  Probe x2  
  57  14:09  Probe  
  60  14:10  Robotics Facility  
  60  14:20  Probe x2  
  60  14:21  Probe  
  63  14:32  Probe x2  
  63  14:33  Probe, Pylon  
  66  14:41  Observer  
  67  14:50  Zealot x2  
  71  14:57  Zealot x2  
  75  15:00  Probe x2  
  75  15:01  Probe  
  75  15:02  Immortal  
  82  15:07  Stalker  
  82  15:12  Probe  
  85  15:16  Stalker x2  
  89  15:25  Probe x3, Assimilator  
  92  15:28  Assimilator  
  92  15:30  Stalker  
  94  15:37  Probe  
  94  15:42  Zealot x2  
  98  16:06  Pylon  
  98  16:08  Stalker x5  
  98  16:09  Pylon  
  108  16:14  Pylon  
  86  16:39  Stalker x3  
  68  16:40  Stalker x2  
Show
View Real Time Build Order
Export as new Build Order

Arhol Terran 

Build Orders:  

Get SALT Encoding   

  12  0:01  SCV  
  13  0:13  SCV  
  14  0:18  Supply Depot  
  14  0:25  SCV  
  15  0:40  SCV  
  16  0:43  Barracks  
  16  0:53  SCV  
  16  0:56  Refinery  
  17  1:06  SCV  
  18  1:18  SCV  
  19  1:30  Orbital Command  
  19  1:43  Command Center  
  19  1:46  Marine  
  20  2:00  SCV  
  21  2:02  Supply Depot  
  21  2:04  Barracks Reactor  
  21  2:22  SCV  
  22  2:26  Factory  
  22  2:38  SCV  
  22  2:43  Marine x2  
  25  2:50  SCV  
  25  3:10  SCV  
  25  3:11  Marine x2  
  28  3:14  Orbital Command  
  28  3:17  Starport, Widow Mine  
  30  3:21  Refinery  
  30  3:23  SCV  
  31  3:39  Widow Mine, Marine x2  
  35  3:45  SCV  
  36  3:49  Supply Depot  
  36  3:51  Supply Depot  
  36  3:54  Medivac  
  38  3:58  SCV  
  39  4:07  SCV  
  40  4:10  SCV  
  41  4:19  SCV  
  42  4:25  Starport Tech Lab  
  42  4:26  Factory Tech Lab  
  42  4:27  Barracks x2  
  42  4:33  Marine x2  
  45  4:38  Refinery, SCV x2, Engineering Bay  
  45  4:39  Refinery, Engineering Bay  
  46  4:50  SCV x2  
  48  4:53  Starport Reactor  
  48  5:02  SCV x2  
  50  5:13  Missile Turret  
  50  5:14  Missile Turret  
  50  5:15  Terran Infantry Weapons Level 1  
  50  5:16  Terran Infantry Armor Level 1  
  41  5:39  SCV  
  41  5:40  SCV  
  42  5:46  Command Center  
  42  5:51  SCV  
  42  5:52  SCV  
  42  5:53  Stimpack, Combat Shield  
  44  6:05  SCV x2  
  46  6:16  Medivac x2  
  46  6:17  SCV x2  
  52  6:27  Missile Turret  
  52  6:31  Missile Turret  
  52  6:36  Marine x4  
  56  6:53  SCV x2, Marine  
  59  6:58  Supply Depot x2  
  59  7:04  Barracks  
  59  7:05  Barracks, Armory  
  59  7:10  Orbital Command, Marauder x2, Marine  
  59  7:11  Marine, Concussive Shells  
  59  7:12  SCV x2  
  64  7:24  SCV  
  64  7:25  SCV  
  64  7:29  Marine x2  
  59  7:31  Marauder, Marine  
  59  7:36  SCV  
  59  7:37  SCV  
  60  7:52  Marauder, Marine x3  
  60  7:56  SCV x2  
  68  8:04  Barracks Tech Lab  
  67  8:05  Barracks Reactor  
  67  8:10  Marauder, Medivac x2  
  67  8:11  Marine x2  
  75  8:14  Marauder  
  75  8:15  Orbital Command  
  77  8:24  Terran Infantry Armor Level 2, Terran Infantry Weapons Level 2  
  77  8:29  Marine x2  
  77  8:30  Refinery  
  77  8:31  Barracks  
  77  8:32  Marauder  
  81  8:34  Marine  
  81  8:35  Barracks  
  81  8:36  Missile Turret  
  81  8:37  Missile Turret  
  81  8:40  SCV x3, Missile Turret  
  81  8:41  Missile Turret  
  85  8:49  Marauder, Marine x2, Supply Depot x2  
  85  8:50  Supply Depot  
  85  8:52  SCV x3  
  92  9:00  Missile Turret  
  92  9:04  SCV  
  93  9:11  SCV, Medivac x2  
  98  9:18  Supply Depot x2  
  98  9:19  Supply Depot  
  92  9:28  Marine x7  
  99  9:32  Barracks Reactor x2  
  73  9:45  Marine  
  73  9:48  Marine x6  
  74  10:03  Marine  
  74  10:06  Marine x4  
  67  10:11  Marine x4  
  67  10:12  Marine x2  
  69  10:15  SCV x2  
  69  10:18  Medivac  
  69  10:19  Medivac  
  74  10:21  Marine  
  74  10:23  Marine  
  74  10:24  Marine x3  
  74  10:27  SCV x2  
  81  10:29  Marine x5  
  86  10:39  SCV x2  
  81  10:45  Orbital Command  
  74  10:51  SCV, Medivac x2  
  74  10:52  SCV  
  80  10:57  Marine x3  
  80  10:58  Marauder x2, Marine x5  
  80  10:59  Marauder, Command Center  
  80  11:04  SCV x2  
  96  11:15  Marine  
  96  11:16  Marine x3  
  96  11:18  SCV  
  101  11:19  Marauder  
  101  11:20  Marauder  
  101  11:21  Refinery  
  100  11:47  Medivac x2  
  104  11:54  SCV x3  
  104  11:57  Marauder, Marine x5  
  104  11:58  Marauder x2, Marine x2  
  104  11:59  Terran Infantry Weapons Level 3, Terran Infantry Armor Level 3  
  120  12:19  Marauder x3  
  120  12:21  Medivac  
  120  12:22  Marine, Missile Turret, Medivac  
  130  12:23  Marine x7  
  137  12:40  Marauder x2, Marine x3  
  137  12:41  Marauder, Marine  
  133  12:57  Marine x3  
  133  12:58  Marine x2, Medivac x2  
  135  13:02  Marauder x3  
  133  13:23  Marauder  
  123  13:27  Marine  
  123  13:28  Marauder x2, Marine x7  
  126  13:44  Marauder  
  126  13:45  Marine  
  114  13:49  Marauder  
  114  13:50  Marauder  
  111  13:56  SCV x2  
  111  13:57  SCV  
  111  13:58  Marine x6  
  111  13:59  Marine  
  111  14:00  Planetary Fortress  
  121  14:03  Marine  
  121  14:06  Marauder  
  121  14:08  SCV x2  
  121  14:09  SCV  
  127  14:11  Marauder x2  
  127  14:16  Marine x3  
  134  14:18  Command Center  
  134  14:24  Supply Depot  
  134  14:25  Supply Depot  
  134  14:26  Marine x3, Supply Depot  
  134  14:27  Marauder, Marine x2  
  141  14:32  Marauder x2  
  141  14:33  Marine  
  146  14:48  Marauder  
  144  14:54  Marauder x2  
  148  15:02  Medivac  
  148  15:03  Medivac  
  152  15:10  Marauder  
  152  15:13  Marine x7  
  152  15:14  Marine  
  162  15:15  Marauder x2  
  166  15:30  Marine x2  
  166  15:31  Marauder, Marine x2  
  166  15:32  Medivac  
  166  15:33  Medivac  
  176  15:36  Marauder  
  176  15:37  Marauder  
  176  15:39  Command Center  
  180  15:52  Missile Turret  
  180  15:53  Marauder  
  182  15:58  Marauder x2  
  182  16:02  Medivac  
  182  16:03  Medivac  
  158  16:19  Marine x11  
  166  16:30  Barracks, Planetary Fortress  
  166  16:31  Barracks  
  166  16:32  Barracks  
  166  16:36  Marine  
  166  16:37  Marine x9  
  166  16:39  Marine  
  177  16:40  Medivac x2  
  181  16:54  Marine x4  
  181  16:55  Marine  
  172  17:20  Marine x11  
  169  17:27  Barracks Reactor x3  
Tags
 
Add a new tag
Caveats
  • Supply blocks, unpowered buildings, or Contaminate may cause inaccurate times.
  • Supply counts are checked every 10 seconds.